 Dungeon Crawl Stone Soup version 0.31-a0-986-g5e6e4ef867 (webtiles) character file.

Game seed: 6859576447762017437

2245 horus123 the Ducker (level 8, -3/70 (102) HPs)
             Began as a Demigod Ice Elementalist on Nov 4, 2023.
             Slain by a wraith (8 damage)
             ... on level 7 of the Dungeon.
             The game lasted 00:12:29 (6270 turns).

horus123 the Ducker (Demigod Ice Elementalist)      Turns: 6270, Time: 00:12:29

HP:   -3/70 (102)   AC: 24    Str: 17    XL:     8   Next: 92%
MP:   26/26         EV: 10    Int: 17    God:
Gold: 328           SH:  0    Dex: 14    Spells: 8/15 levels left

rFire   + . .        o - +1 flail (protect)
rCold   . . .        (no shield)
rNeg    . . .        M - +2 chain mail {Will+}
rPois   +            j - +1 helmet
rElec   .            d - scarf {repulsion}
rCorr   .            i - +1 pair of gloves
SInv    +            A - +0 pair of boots
Will    +....        r - amulet "Fomabruc" {rPois rF+ Regen+} Stlth
                     m - ring of see invisible
HPRegen 1.11/turn    B - ring of magical power
MPRegen 0.20/turn

%: repel missiles
@: berserking, under a protective aura, slowed, studying Dodging, very heavily
drained
A: high MP 1, forlorn, divine attributes
a: no special abilities


You were on level 7 of the Dungeon.
You visited 1 branch of the dungeon, and saw 7 of its levels.

You collected 328 gold pieces.

Inventory:

Hand Weapons
 e - a +1 short sword of holy wrath
 n - a +2 whip of freezing
 o - a +1 flail of protection (weapon)
 v - a +0 morningstar
 E - the +10 falchion of Havoc {holy, *Noise rPois rF+ SInv}
   (You found it on level 6 of the Dungeon)

   rF+:       It protects you from fire.
   rPois:     It protects you from poison SInv: It lets you see invisible.
   *Noise:    It may make a loud noise when swung.
Missiles
 t - 7 boomerangs
 x - 5 curare-tipped darts
Armour
 a - a +0 robe
 d - a scarf of repulsion (worn)
 h - a +0 plate armour
 i - a +1 pair of gloves (worn)
 j - a +1 helmet (worn)
 A - a +0 pair of boots (worn)
 G - a +0 ring mail of cold resistance
 M - a +2 chain mail of willpower (worn)
Jewellery
 m - a ring of see invisible (left hand)
 r - the amulet "Fomabruc" (around neck) {rPois rF+ Regen+}
   (You found it on level 3 of the Dungeon)

   [amulet of regeneration]

   rF+:       It protects you from fire.
   rPois:     It protects you from poison Regen+: It increases your rate of
   health regeneration.
 B - a ring of magical power (right hand)
 D - an amulet of guardian spirit
Wands
 f - a wand of acid (9)
 K - a wand of flame (15)
Scrolls
 g - a scroll of blinking
 l - a scroll of summoning {unknown}
 p - 4 scrolls of teleportation
 q - 3 scrolls of fog {unknown}
 s - 2 scrolls of immolation
 y - 2 scrolls of poison {unknown}
 z - a scroll of enchant armour {unknown}
 H - a scroll of noise {unknown}
 I - 3 scrolls of enchant weapon {unknown}
 J - a scroll of amnesia {unknown}
 L - a scroll of vulnerability {unknown}
Potions
 b - 4 potions of magic
 k - 2 potions of curing
 u - a potion of might {unknown}
 w - 2 potions of haste
 C - 2 potions of attraction {unknown}
 F - a potion of cancellation {unknown}


   Skills:
 - Level 5.2 Fighting
 - Level 5.3 Maces & Flails
 - Level 4.3 Armour
 - Level 6.1 Dodging
 - Level 1.7 Stealth
 - Level 4.0 Spellcasting
 + Level 4.7 Ice Magic


You had 8 spell levels left.
You knew the following spells:

 Your Spells              Type           Power      Damage    Failure   Level
a - Freeze                Ice            76%        1d8       22%         1
b - Frozen Ramparts       Ice            38%        1d6       54%         3
c - Ozocubu's Armour      Ice            19%        N/A       54%         3

Your spell library contained the following spells:

 Spells                   Type           Power      Damage    Failure   Level
 Ensorcelled Hibernation  Hex/Ice        22%        N/A       65%         2
 Apportation              Tloc           6%         N/A       83%         1
 Necrotise                Necr           12%        1d4       83%         1
 Summon Small Mammal      Summ           12%        N/A       83%         1
 Jinxbite                 Hex            6%         N/A       93%         2
 Passwall                 Tmut/Erth      2%         N/A       93%         2
 Summon Guardian Golem    Hex/Summ       3%         N/A       99%         3
 Swiftness                Air            3%         N/A       99%         3
 Summon Ice Beast         Ice/Summ       11%        N/A       99%         4
 Alistair's Intoxication  Tmut/Pois      2%         N/A       100%        5
 Orb of Destruction       Conj           1%         9d5       100%        7
 Spellforged Servitor     Conj/Summ      1%         N/A       100%        7


Dungeon Overview and Level Annotations

Branches:
Dungeon (7/15)             Temple (0/1) D:7

Shops:
D:5 *   D:6 *

Annotations:
D:7 Jeremiah


Innate Abilities, Weirdness & Mutations

You have an increased reservoir of magic. (+10% MP)
You shall have no god before yourself.
Your divine heritage dramatically boosts your attributes as you level up.


Message History

The orc hits you but does no damage. The wraith barely misses you.
The orc barely misses you.
The orc warrior hits you with a +0 trident.
You hit the orc warrior.
The orc warrior is lightly wounded.
The butterfly disappears in a burst of colours! x2
The orc wizard hits you but does no damage.
The orc hits you with a +0 hand axe.
* * * LOW HITPOINT WARNING * * *
The wraith hits you.
* * * LOW HITPOINT WARNING * * *
The wraith drains your vigour!
You feel yourself slow down. The orc hits you but does no damage.
The orc warrior closely misses you.
A red film seems to cover your vision as you go berserk!
You feel yourself moving faster!
You feel mighty!
The butterfly disappears in a burst of colours! x3
The orc wizard hits you but does no damage.
The orc hits you but does no damage. The wraith hits you but does no damage.
The orc hits you but does no damage.
The orc warrior hits you but does no damage.
The orc wizard gestures at you while chanting.
The magic dart hits you but does no damage.
The orc hits you but does no damage. The wraith hits you!
* * * LOW HITPOINT WARNING * * *
The orc closely misses you.
You sock the orc warrior!
The orc warrior is heavily wounded.
The orc warrior closely misses you.
The orc wizard hits you but does no damage.
The orc hits you but does no damage. The wraith hits you.
* * * LOW HITPOINT WARNING * * *
The wraith drains your vigour!
You feel as though you will be slow longer.
The orc closely misses you.
You bludgeon the orc warrior!!
You kill the orc warrior!
The orc wizard hits you but does no damage.
The orc barely misses you. The orc hits you but does no damage.
The wraith hits you!
You die...

#.# .#### #.####+#####+#
..... #............#
......+.............
.#....#.....<.......
......#............#
#.#.....####+########
#.###.).#.....o.bbb.#
.##...###.)...)@ob.Fb.#
#.......)#...)Wob.b..#
#..>..##.......b.bb.b#
......#..#..(......b.#
.###...##..#...b.....b.#
...###.#..#####'##bb...b....
.....#.#.## #...######?....
.........# #..... ....
#####.#.## #....... ...


You could see Jeremiah, a wraith, an orc wizard (invisible) and 2 orcs.

Vanquished Creatures
  Pikel (D:4)
  Sigmund (D:3)
  2 wyverns
  A sky beast (D:4)
  2 orc warriors (D:7)
  A black bear (D:4)
  An ogre (D:5)
  2 lemures (D:3)
  The ghost of billz999 the Sneak, an amateur OpEE (D:3)
  2 kobold brigands (D:6)
  A scorpion (D:3)
  A jelly (D:7)
  3 hounds (D:4)
  4 orc priests
  2 sleepcaps
  An iguana (D:5)
  5 orc wizards
  8 adders
  2 white imps (D:6)
  2 ufetubi (D:6)
  A worm (D:4)
  5 dart slugs
  29 orcs
  4 endoplasms (D:1)
  A giant cockroach (D:1)
  11 goblins
  6 hobgoblins
  6 quokkas
  5 ball pythons
  3 bats
  4 frilled lizards
  22 kobolds
  10 rats
150 creatures vanquished.

Notes
Turn   | Place    | Note
-------+----------+-------------------------------------------
     0 | D:1      | horus123 the Demigod Ice Elementalist began the quest for
                  | the Orb.
     0 | D:1      | Reached XP level 1. HP: 14/14 MP: 5/5
   201 | D:1      | Reached XP level 2. HP: 16/20 MP: 5/8
   725 | D:1      | Reached XP level 3. HP: 16/26 MP: 0/10
  1332 | D:2      | Reached XP level 4. HP: 34/34 MP: 8/11
  1677 | D:2      | Reached skill level 1 in Fighting
  2420 | D:3      | Reached XP level 5. HP: 28/44 MP: 12/12
  2544 | D:3      | Noticed Sigmund
  2588 | D:3      | Killed Sigmund
  2589 | D:3      | Reached XP level 6. HP: 19/53 MP: 13/13
  3018 | D:3      | Identified the amulet "Fomabruc" {rPois rF+ Regen+}
  3030 | D:3      | Found a runed translucent door.
  3225 | D:3      | Noticed billz999's ghost (amateur OpEE)
  3247 | D:3      | Killed billz999's ghost
  3248 | D:3      | Reached skill level 1 in Maces & Flails
  3336 | D:4      | Noticed Pikel
  3496 | D:4      | Killed Pikel
  3497 | D:4      | Reached skill level 5 in Maces & Flails
  3497 | D:4      | Reached XP level 7. HP: 44/60 MP: 14/14
  3545 | D:4      | Reached skill level 1 in Armour
  3943 | D:4      | Reached XP level 8. HP: 67/67 MP: 16/16
  4228 | D:5      | Entered Level 5 of the Dungeon
  4288 | D:5      | Reached skill level 2 in Dodging
  4421 | D:5      | Reached skill level 3 in Dodging
  4473 | D:5      | Reached skill level 4 in Dodging
  4505 | D:5      | Identified the +10 rapier "Imurghea" {freeze, rN+ Dex-3
                  | Stlth+}
  4695 | D:5      | Reached skill level 5 in Dodging
  4947 | D:5      | Found Syceo's Serpentskin Sales.
  5270 | D:6      | Found Heyber's Overcharged Wands.
  5276 | D:6      | Reached skill level 6 in Dodging
  5353 | D:6      | Reached skill level 5 in Fighting
  5792 | D:6      | Identified the +10 falchion of Havoc {holy, *Noise rPois
                  | rF+ SInv}
  6103 | D:7      | Found a staircase to the Ecumenical Temple.
  6166 | D:7      | Learned a level 3 spell: Frozen Ramparts
  6170 | D:7      | Learned a level 3 spell: Ozocubu's Armour
  6234 | D:7      | Noticed Jeremiah
  6268 | D:7      | HP: 3/70 [wraith (10)]
  6270 | D:7      | Slain by a wraith

Illustrated notes

Levels and vault maps discovered:
D:1:      amcnicky_arrival_abandoned_market, layout_basic
D:2:      layout_basic, kennysheep_cross_bottleneck, minivault_5,
          minmay_pentomino_x4
D:3:      layout_basic, ebering_ghost_inner_flame, uniq_sigmund
D:4:      layout_gridville, uniq_pikel
D:5:      layout_gridville, general_overflow_altar, minmay_stone_trees_small,
          guppyfry_shop_venom
D:6:      layout_basic, kennysheep_mini_moat, nicolae_shop_overcharged_wands
D:7:      layout_gridville, mainiacjoe_overflow_small_starburst,
          grunt_temple_overflow_holy_war, tgw_fedhas,
          minmay_temple_entry_slanted, uniq_jeremiah

Skill      XL: |  1  2  3  4  5  6  7  8 |
---------------+-------------------------+-----
Spellcasting   | 2 3 4 |  4.0
Ice Magic      | 4 |  4.7
Fighting       | 2 4 5 |  5.2
Maces & Flails | 5 |  5.3
Armour         | 3 4 |  4.3
Dodging        | 6 |  6.1
Stealth        | |  1.7

Action                     |  1- 3 |  4- 6 |  7- 9 || total
---------------------------+-------+-------+-------++-------
  Melee: Unarmed           |     1 |       |       ||     1
         Short sword       |    13 |     4 |       ||    17
         Whip              |       |    45 |       ||    45
         Flail             |       |    89 |   354 ||   443
         Punch             |       |     4 |     3 ||     7
   Cast: Freeze            |    70 |    11 |     4 ||    85
    Use: Scroll            |       |     3 |     2 ||     5
         Potion            |       |       |     1 ||     1
 Armour: Robe              |    51 |     4 |       ||    55
         Plate armour      |       |   209 |   293 ||   502
         Chain mail        |       |       |    88 ||    88
         Ring mail         |       |       |    43 ||    43
  Dodge: Dodged            |    54 |    54 |   185 ||   293
         Repelled          |     3 |     2 |     5 ||    10

Table legend: (Time is in decaauts)
 A = Elapsed time spent in this place.
 B = Non-inter-level travel time spent in this place.
 C = Inter-level travel time spent in this place.
 D = Time resting spent in this place.
 E = Time spent auto-exploring this place.
 F = Levels seen in this place.
 G = Mean time per level.
                   A        B        C        D        E       F      G
               +--------+--------+--------+--------+--------+-----+--------+
         Total |   6355 |   6215 |    140 |    728 |   4041 |   7 |  907.9 |
       Dungeon |   6355 |   6215 |    140 |    728 |   4041 |   7 |  907.9 |
               +--------+--------+--------+--------+--------+-----+--------+

Top non-repeatable levels by time:
     D:3: 1413 daAuts
     D:2: 1222 daAuts
     D:5: 1053 daAuts
     D:1: 874 daAuts
     D:6: 826 daAuts
     D:4: 768 daAuts
     D:7: 196 daAuts
